 Dungeon Crawl Stone Soup version 0.28-a0-1613-gdaab1c2f9b (webtiles) character file.

Game seed: 966773312011404349

1372 a3don the Digger (level 8, -6/57 HPs)
             Began as a Black Draconian Earth Elementalist on Jan 22, 2022.
             Mangled by a boulder beetle (54 damage)
             ... on level 7 of the Dungeon.
             The game lasted 00:12:20 (7454 turns).

a3don the Digger (DrEE)                             Turns: 7454, Time: 00:12:21

Health: -6/57      AC:  9    Str: 11    XL:     8   Next: 38%
Magic:  5/14       EV: 16    Int: 18    God:
Gold:   126        SH:  0    Dex: 11    Spells: 9/15 levels left

rFire   + . .      SeeInvis .   g - staff of conjuration
rCold   + . .      Faith    .   (no shield)
rNeg    . . .      Spirit   .   (armour unavailable)
rPois   +          Reflect  .   (helmet restricted)
rElec   +          Harm     .   C - scarf {rC+ rF+}
rCorr   .          Rampage  .   (no gloves)
Will    .....                   w - +2 pair of boots
Stlth   ++........              B - amulet of regeneration
HPRegen 0.99/turn               f - ring of poison resistance
MPRegen 0.14/turn               u - +4 ring of evasion

@: no status effects
A: breathe lightning, AC +6, unfitting armour, electricity resistance,
cold-blooded
a: Breathe Lightning


You were on level 7 of the Dungeon.
You visited 1 branch of the dungeon, and saw 7 of its levels.

You collected 344 gold pieces.
You spent 218 gold pieces at shops.

Inventory:

Hand Weapons
 c - a +0 whip
 d - a +0 dagger
 e - a +0 short sword
Missiles
 a - 5 atropa-tipped darts
 b - 262 stones
 m - 5 boomerangs (quivered)
 p - 7 poisoned darts
Armour
 w - a +2 pair of boots (worn)
 C - a scarf of resistance (worn)
Magical Staves
 g - a staff of conjuration (weapon)
 x - a staff of death
Jewellery
 f - a ring of poison resistance (left hand)
 u - a +4 ring of evasion (right hand)
 A - a ring of ice
 B - an amulet of regeneration (around neck)
 E - a ring of positive energy
Scrolls
 i - 6 scrolls of identify
 n - 2 scrolls of magic mapping {unknown}
 r - a scroll of brand weapon {unknown}
 s - a scroll of silence {unknown}
 t - 2 scrolls of fear {unknown}
 v - a scroll of vulnerability {unknown}
 y - a scroll of blinking
 z - 2 scrolls of teleportation
 D - a scroll of enchant armour
Potions
 h - a potion of curing {unknown}
 j - a potion of mutation {unknown}
 k - 2 potions of heal wounds {unknown}
 l - a potion of resistance {unknown}
 o - a potion of haste {unknown}
 q - a potion of invisibility {unknown}
 F - a potion of flight {unknown}


   Skills:
 - Level 4.0 Staves
 - Level 1.7 Dodging
 - Level 1.7 Stealth
 + Level 4.2 Spellcasting
 + Level 3.8 Conjurations
 + Level 4.1 Transmutations
 * Level 5.6 Earth Magic


You had 9 spell levels left.
You knew the following spells:

 Your Spells              Type           Power      Damage    Failure   Level
a - Sandblast             Erth           46%        2d11      1%          1
b - Stone Arrow           Conj/Erth      62%        3d10      6%          3
c - Passwall              Tmut/Erth      17%        N/A       3%          2

Your spell library contained the following spells:

 Spells                   Type           Power      Damage    Failure   Level
 Petrify                  Tmut/Erth      21%        N/A       19%         4


Dungeon Overview and Level Annotations

Branches:
Dungeon (7/15)
 Temple: D:4-7

Altars:
Cheibriados
Kikubaaqudgha
Ru
The Shining One

Shops:
D:4 *([   D:5 ?


Innate Abilities, Weirdness & Mutations

You can breathe wild blasts of lightning.
Your glossy black scales are hard. (AC +6)
You cannot fit into any form of body armour.
You are resistant to electric shocks. (rElec)
You are cold-blooded and may be slowed by cold attacks.


Message History

Casting: Sandblast (safe; 1% risk of failure)
Confirm with . or Enter, or press ? or * to list all spells.
Aiming: Sandblast (safe; 1% risk of failure)
Press: ? - help, Shift-Dir - straight line, f - boulder beetle
Aim: a boulder beetle (100% to hit)
The blast of sand hits the boulder beetle but does no damage.
b - 262 stones You hit the boulder beetle but do no damage.
The boulder beetle bites you!
Casting: Sandblast (safe; 1% risk of failure)
Confirm with . or Enter, or press ? or * to list all spells.
Aiming: Stone Arrow (dangerous; 6% risk of failure)
Press: ? - help, Shift-Dir - straight line, f/p - boulder beetle
Aim: a boulder beetle (100% to hit)
You feel a surge of power!
The stone arrow hits the boulder beetle but does no damage.
The boulder beetle waves its antennae.
The boulder beetle barely misses you.
Casting: Stone Arrow (dangerous; 6% risk of failure)
Confirm with . or Enter, or press ? or * to list all spells.
Aiming: Stone Arrow (dangerous; 6% risk of failure)
Press: ? - help, Shift-Dir - straight line, f/p - boulder beetle
Aim: a boulder beetle (100% to hit)
You feel a surge of power!
The stone arrow hits the boulder beetle but does no damage.
The boulder beetle completely misses you.
Unknown command.
Casting: Stone Arrow (dangerous; 6% risk of failure)
Confirm with . or Enter, or press ? or * to list all spells.
Aiming: Stone Arrow (dangerous; 6% risk of failure)
Press: ? - help, Shift-Dir - straight line, f/p - boulder beetle
Aim: a boulder beetle (100% to hit)
You feel a surge of power!
The stone arrow hits the boulder beetle.
The boulder beetle is lightly wounded.
The boulder beetle closely misses you.
The boulder beetle curls into a ball and begins rolling!
The boulder beetle hits you!!!
Ouch! That really hurt!
You die...

################
...>...........# ####
#)####...#####.# ... #.#
##.## #.# #.# #.#
#.######.# ##.## #.#
#........####...##.#
..############..@B○°°....#
......... ######...####
######### ##.## .........
#..# .#######. ##.# ## .#
# .# # .. #


You could see a boulder beetle (rolling).

Vanquished Creatures
  Menkaure (D:5)
  A water moccasin (D:6)
  2 black bears
  An ice beast (D:6)
  A sky beast (D:6)
  A centaur (D:7)
  A phantom (D:4)
  A kobold brigand (D:6)
  A bullfrog (D:4)
  A scorpion (D:4)
  A howler monkey (D:4)
  5 hounds
  A jelly (D:4)
  A centaur skeleton (D:7)
  10 adders
  An ufetubus (D:4)
  An adder skeleton (D:4)
  A worm (D:2)
  2 dart slugs
  7 orcs
  7 endoplasms
  5 giant cockroaches
  7 hobgoblins
  10 kobolds
  10 ball pythons
  8 bats
  3 frilled lizards
  8 goblins
  A quokka skeleton (D:4)
  5 rats
105 creatures vanquished.

Vanquished Creatures (others)
  5 fungi (D:2)
  8 plants (D:2)
13 creatures vanquished.

Grand Total: 118 creatures vanquished

Notes
Turn   | Place    | Note
-------+----------+-------------------------------------------
     0 | D:1      | a3don the Draconian Earth Elementalist began the quest for
                  | the Orb.
     0 | D:1      | Reached XP level 1. HP: 14/14 MP: 3/3
   159 | D:1      | Reached XP level 2. HP: 17/20 MP: 1/5
  1003 | D:2      | Reached XP level 3. HP: 11/26 MP: 3/6
  1408 | D:2      | Reached skill level 1 in Staves
  1720 | D:2      | Found a faded altar of an unknown god.
  2134 | D:3      | Reached XP level 4. HP: 28/33 MP: 3/7
  2218 | D:3      | Learned a level 3 spell: Stone Arrow
  2651 | D:3      | Reached skill level 1 in Conjurations
  3013 | D:3      | Reached skill level 4 in Earth Magic
  3270 | D:3      | Found a snail-covered altar of Cheibriados.
  3272 | D:3      | Found a sacrificial altar of Ru.
  3272 | D:3      | Found a glowing golden altar of the Shining One.
  3702 | D:4      | Found Ykof's Assorted Antiques.
  3750 | D:4      | Noticed a bullfrog
  3763 | D:4      | Killed a bullfrog
  3764 | D:4      | Reached XP level 5. HP: 16/38 MP: 4/9
  4194 | D:4      | Noticed a black bear
  4195 | D:4      | Found Fen Oqo's Weapon Shoppe.
  4200 | D:4      | Killed a black bear
  4201 | D:4      | Reached XP level 6. HP: 40/45 MP: 2/10
  4481 | D:4      | Reached skill level 5 in Earth Magic
  4554 | D:4      | Found Bojioll's Antique Armour Emporium.
  5093 | D:4      | Your scales start taking on a glossy black colour.
  5093 | D:4      | Reduced skill Earth Magic to level 4
  5093 | D:4      | Reached XP level 7. HP: 50/50 MP: 7/11
  5093 | D:4      | Gained mutation: You are resistant to electric shocks.
                  | (rElec) [Black Draconian growth]
  5263 | D:4      | Learned a level 2 spell: Passwall
  5309 | D:4      | Bought a pair of boots for 81 gold pieces
  5371 | D:5      | Entered Level 5 of the Dungeon
  5729 | D:5      | Found Utemeako's Magic Scroll Shoppe.
  5732 | D:5      | Bought a scroll of blinking for 82 gold pieces
  5732 | D:5      | Bought a scroll of identify for 22 gold pieces
  5732 | D:5      | Bought a scroll of teleportation for 33 gold pieces
  5776 | D:5      | Noticed Menkaure
  5780 | D:5      | Killed Menkaure
  5961 | D:5      | Found an ancient bone altar of Kikubaaqudgha.
  6741 | D:6      | Reached skill level 5 in Earth Magic
  6811 | D:6      | Reached XP level 8. HP: 55/57 MP: 3/13
  7440 | D:7      | Noticed a boulder beetle
  7454 | D:7      | Mangled by a boulder beetle

Illustrated notes

Levels and vault maps discovered:
D:1:      lemuel_arrival_tunnels, layout_rooms, chequers_arboretum
D:2:      layout_loops_cross, shapermc_ecumenical_altar_mp_ritualfount,
          minmay_crystal_room
D:3:      layout_basic, minitemple, skrybe_limestone_x
D:4:      layout_gridville, serial_shops, nicolae_shop_bloodbath_and_beyond,
          nicolae_shop_trees, nicolae_inconvenience_store,
          minmay_misc_feat_nine_boxes
D:5:      layout_cave_pods, mainiacjoe_overflow_surrounded_room, serial_shops,
          kennysheep_mini_moat, kennysheep_cluttered_room, uniq_menkaure
D:6:      layout_cave_pools
D:7:      layout_loops_ring, mainiacjoe_overflow_catwalk,
          lemuel_coloured_pillars_altar, tgw_xom, nzn_wu_jian_contemplation,
          minmay_temple_entry_waves, hellmonk_bongcloud_opening

Skill      XL: |  1  2  3  4  5  6  7  8 |
---------------+-------------------------+-----
Staves         | 1 2 3 4 |  4.0
Conjurations   | 1 2 3 |  3.8
Earth Magic    | 4 4 5 |  5.6
Transmutations | 2 3 4 |  4.1
Spellcasting   | 3 4 |  4.2
Dodging        | |  1.7
Stealth        | |  1.7

Action                   |  1- 3 |  4- 6 |  7- 9 || total
-------------------------+-------+-------+-------++-------
Melee: Unarmed           |    12 |       |       ||    12
       Whip              |    11 |       |       ||    11
       Tailslap          |    16 |    21 |    10 ||    47
       Short sword       |    61 |       |       ||    61
       Staff             |    58 |   137 |    75 ||   270
       Punch             |     3 |       |       ||     3
Throw: Boomerang         |       |     5 |       ||     5
 Cast: Sandblast         |    16 |    32 |    24 ||    72
       Stone Arrow       |       |     6 |    19 ||    25
  Use: Scroll            |       |       |     4 ||     4
 Stab: Sleeping          |     4 |     2 |       ||     6
Armor: Skin              |    72 |    51 |    71 ||   194
Dodge: Dodged            |   112 |   121 |    82 ||   315

Table legend: (Time is in decaauts)
 A = Elapsed time spent in this place.
 B = Non-inter-level travel time spent in this place.
 C = Inter-level travel time spent in this place.
 D = Time resting spent in this place.
 E = Time spent auto-exploring this place.
 F = Levels seen in this place.
 G = Mean time per level.
                   A        B        C        D        E       F      G
               +--------+--------+--------+--------+--------+-----+--------+
         Total |   7486 |   7227 |    259 |    861 |   5287 |   7 | 1069.4 |
       Dungeon |   7486 |   7227 |    259 |    861 |   5287 |   7 | 1069.4 |
               +--------+--------+--------+--------+--------+-----+--------+

Top non-repeatable levels by time:
     D:4: 2016 daAuts
     D:3: 1441 daAuts
     D:5: 1162 daAuts
     D:2: 1080 daAuts
     D:1: 864 daAuts
     D:6: 806 daAuts
     D:7: 113 daAuts
